 Dungeon Crawl Stone Soup version 0.31-a0-145-g046c7d2549 (webtiles) character file.

Game seed: 14979214492992095818

1535 KristoblXynda the Covert (level 8, -4/42 HPs)
             Began as a Spriggan Brigand on June 7, 2023.
             Killed from afar by a manticore (17 damage)
             ... with a volley of spikes
             ... on level 7 of the Dungeon.
             The game lasted 00:08:15 (5468 turns).

KristoblXynda the Covert (Spriggan Brigand)         Turns: 5468, Time: 00:08:16

Health: -4/42      AC:  3    Str:  9    XL:     8   Next: 55%
Magic:  9/9        EV: 31    Int: 13    God:
Gold:   378        SH:  0    Dex: 16    Spells: 7/7 levels left

rFire   . . .        v - +4 dagger (venom)
rCold   . . .        (no shield)
rNeg    . . .        b - +0 robe
rPois   .            (helmet restricted)
rElec   .            c - +0 cloak
rCorr   .            (gloves unavailable)
SInv    +            (boots unavailable)
Will    +....        (no amulet)
Stlth   +++++        j - +5 ring of evasion
HPRegen 0.27/turn    w - +5 ring of evasion
MPRegen 0.11/turn

%: no passive effects
@: spiked, very quick
A: very small, no large weapons, unfitting armour, see invisible, speed 3
a: no special abilities


You were on level 7 of the Dungeon.
You visited 1 branch of the dungeon, and saw 7 of its levels.

You collected 378 gold pieces.

Inventory:

Hand Weapons
 a - a +2 dagger
 v - a +4 dagger of venom (weapon)
 y - a +1 short sword of flaming
Armour
 b - a +0 robe (worn)
 c - a +0 cloak (worn)
Jewellery
 j - a +5 ring of evasion (left hand)
 s - a +4 ring of protection
 t - a ring of flight
 u - a ring of ice
 w - a +5 ring of evasion (right hand)
Scrolls
 f - a scroll of blinking
 g - a scroll of magic mapping
 l - a scroll of teleportation
 n - 6 scrolls of immolation
 q - a scroll of enchant weapon
 D - a scroll of poison
Potions
 d - 2 potions of experience {unknown}
 i - a potion of degeneration {unknown}
 k - a potion of heal wounds
 m - 2 potions of brilliance
 o - 2 potions of berserk rage
 p - a potion of enlightenment {unknown}
 r - 4 potions of attraction
 x - a potion of mutation {unknown}
 z - a potion of haste {unknown}


   Skills:
 + Level 4.7 Fighting
 + Level 6.2 Short Blades
 - Level 2.0 Throwing
 + Level 7.1 Dodging
 + Level 10.2 Stealth


You had 7 spell levels left.
You didn't know any spells.
Your spell library contained the following spells:

 Spells                   Type           Power      Damage    Failure   Level
 Apportation              Tloc           0%         N/A       30%         1
 Necrotise                Necr           0%         1d4       30%         1
 Summon Small Mammal      Summ           0%         N/A       30%         1
 Ensorcelled Hibernation  Hex/Ice        0%         N/A       43%         2
 Passwall                 Tmut/Erth      0%         N/A       43%         2
 Poisonous Vapours        Pois/Air       0%         N/A       43%         2
 Mephitic Cloud           Conj/Pois/Air  0%         N/A       67%         3
 Spider Form              Tmut/Pois      0%         N/A       67%         3
 Swiftness                Air            0%         N/A       67%         3
 Anguish                  Hex/Necr       0%         N/A       97%         4
 Freezing Cloud           Conj/Ice/Air   0%         6-21      100%        5
 Summon Forest            Summ/Tloc      0%         N/A       100%        5
 Summon Mana Viper        Hex/Summ       0%         N/A       100%        5
 Summon Cactus Giant      Summ           0%         N/A       100%        6


Dungeon Overview and Level Annotations

Branches:
Dungeon (7/15)
 Temple: D:4-7

Altars:
Elyvilon
Fedhas
Gozag
Zin

Annotations:
D:4 3 runed translucent doors, PirateVox's ghost, amateur TrMo


Innate Abilities, Weirdness & Mutations

You are very small and have problems with some larger weapons.
You are too small for most types of armour.
You have supernaturally acute eyesight. (SInv)
You cover ground extremely quickly. (Speed+++)


Message History

The manticore looks as sick as possible!
The manticore is moderately wounded.
You kill the centaur!
The manticore completely misses you. The manticore closely misses you.
The manticore completely misses you.
You hit the manticore but do no damage.
The manticore looks as sick as possible!
The manticore is moderately wounded.
You hit the manticore.
The manticore looks as sick as possible!
The manticore is moderately wounded.
The manticore misses you. x2
The manticore claws you but does no damage.
A bullfrog comes into view.
The bullfrog croaks.
You hit the manticore but do no damage.
The manticore looks as sick as possible!
The manticore is moderately wounded.
The manticore bites you! The manticore completely misses you.
The manticore closely misses you.
You hit the manticore but do no damage.
The manticore looks as sick as possible!
The manticore is moderately wounded.
You hit the manticore.
The manticore looks as sick as possible!
The manticore is heavily wounded.
The manticore completely misses you. The manticore closely misses you.
The manticore claws you!
You hit the manticore.
The manticore is heavily wounded.
The manticore bites you!
* * * LOW HITPOINT WARNING * * *
The manticore completely misses you. The manticore claws you.
* * * LOW HITPOINT WARNING * * *
The bullfrog completely misses you.
You feel better. The bullfrog misses you.
The manticore flicks its tail.
The volley of spikes hits you!
The barbed spikes become lodged in your body.
You die...

#...............
#####<####.##### ### #.#
#.# #.. ..# ##+## #.# #.#
# #.# ##...###.# #.# #.
#.###.....##.###.#
#..###.##.(.....#......
###...HF.#.........####..
......).@'.........'.....
###...####.........####..
##. ##.......## #.. #
##.....######.# ##...##
#..... ##'## #.##..
#######.#####.###.
............#.....
.######.##...####.


You could see a manticore (extremely poisoned) and a bullfrog.

Vanquished Creatures
  A steam dragon (D:6)
  2 water moccasins
  2 phantoms
  A centaur (D:7)
  A gnoll sergeant (D:6)
  5 scorpions
  3 orc priests
  4 hounds
  2 sleepcaps (D:5)
  An iguana (D:6)
  2 orc wizards
  4 gnolls (D:6)
  13 adders
  A shadow imp (D:6)
  An ufetubus (D:4)
  A worm (D:3)
  4 dart slugs
  20 orcs
  5 bats
  8 endoplasms
  3 giant cockroaches
  6 goblins
  11 hobgoblins
  6 jackals
  5 kobolds
  3 quokkas
  6 ball pythons
  3 frilled lizards
  3 rats
127 creatures vanquished.

Vanquished Creatures (others)
  An orc (D:5)
1 creature vanquished.

Grand Total: 128 creatures vanquished

Notes
Turn   | Place    | Note
-------+----------+-------------------------------------------
     0 | D:1      | KristoblXynda the Spriggan Brigand began the quest for the
                  | Orb.
     0 | D:1      | Reached XP level 1. HP: 10/10 MP: 2/2
    82 | D:1      | Reached skill level 6 in Stealth
   260 | D:1      | Reached XP level 2. HP: 8/15 MP: 3/3
   745 | D:2      | Reached XP level 3. HP: 14/18 MP: 4/4
  1315 | D:4      | Noticed a scorpion
  1350 | D:4      | Killed a scorpion
  1351 | D:4      | Reached XP level 4. HP: 23/23 MP: 5/5
  1471 | D:4      | Reached XP level 5. HP: 27/27 MP: 6/6
  1573 | D:4      | Reached skill level 7 in Stealth
  2124 | D:3      | Reached XP level 6. HP: 32/32 MP: 7/7
  2926 | D:4      | Reached skill level 8 in Stealth
  3101 | D:4      | Found a runed translucent gate.
  3101 | D:4      | Found a runed translucent gate.
  3101 | D:4      | Found a runed translucent gate.
  3102 | D:4      | Noticed PirateVox's ghost (amateur TrMo)
  3126 | D:5      | Entered Level 5 of the Dungeon
  3190 | D:5      | Reached XP level 7. HP: 10/36 MP: 8/8
  3404 | D:5      | Reached skill level 5 in Dodging
  3526 | D:5      | Found an opulent altar of Gozag.
  3552 | D:5      | Found a blossoming altar of Fedhas.
  3559 | D:5      | Found a white marble altar of Elyvilon.
  3885 | D:5      | Reached skill level 5 in Short Blades
  3984 | D:5      | Found a glowing silver altar of Zin.
  4167 | D:5      | Reached skill level 9 in Stealth
  4380 | D:6      | Noticed a steam dragon
  4392 | D:6      | Killed a steam dragon
  4393 | D:6      | Reached XP level 8. HP: 18/42 MP: 9/9
  5217 | D:7      | Reached skill level 10 in Stealth
  5451 | D:7      | Noticed a manticore
  5468 | D:7      | Killed from afar by a manticore

Illustrated notes

Levels and vault maps discovered:
D:1:      eino_arrival_cavern_d, layout_rooms
D:2:      layout_rooms, minmay_unequal
D:3:      layout_loops_ring, minmay_mini_jars
D:4:      layout_basic, gammafunk_ghost_necromancy, eino_tiny_chamber
D:5:      layout_basic, mainiacjoe_overflow_large_starburst,
          grunt_gozag_breadcrumbs, zin_statuary, minmay_misc_feat_four_crosses
D:6:      layout_basic
D:7:      layout_loops_corners, minmay_temple_entry_glassed_door

Skill      XL: |  1  2  3  4  5  6  7  8 |
---------------+-------------------------+-----
Stealth        | 6 7 8 9 10 | 10.2
Dodging        | 2 3 4 6 7 |  7.1
Fighting       | 2 3 4 |  4.7
Short Blades   | 3 4 5 6 |  6.2
Throwing       | |  2.0

Action                     |  1- 3 |  4- 6 |  7- 9 || total
---------------------------+-------+-------+-------++-------
  Melee: Dagger            |   158 |   177 |   185 ||   520
         Punch             |     1 |     3 |     4 ||     8
         Short sword       |       |       |    20 ||    20
  Throw: Dart              |    13 |    34 |       ||    47
    Use: Scroll            |     3 |     3 |     8 ||    14
         Potion            |       |     1 |     1 ||     2
   Stab: Sleeping          |     9 |    12 |     6 ||    27
         Distracted        |       |       |     1 ||     1
 Armour: Robe              |    23 |    14 |     4 ||    41
  Dodge: Dodged            |   144 |   138 |   169 ||   451

Table legend: (Time is in decaauts)
 A = Elapsed time spent in this place.
 B = Non-inter-level travel time spent in this place.
 C = Inter-level travel time spent in this place.
 D = Time resting spent in this place.
 E = Time spent auto-exploring this place.
 F = Levels seen in this place.
 G = Mean time per level.
                   A        B        C        D        E       F      G
               +--------+--------+--------+--------+--------+-----+--------+
         Total |   3909 |   3856 |     53 |   1004 |   1856 |   7 |  558.4 |
       Dungeon |   3909 |   3856 |     53 |   1004 |   1856 |   7 |  558.4 |
               +--------+--------+--------+--------+--------+-----+--------+

Top non-repeatable levels by time:
     D:5: 869 daAuts
     D:3: 717 daAuts
     D:4: 715 daAuts
     D:6: 618 daAuts
     D:1: 484 daAuts
     D:2: 276 daAuts
     D:7: 228 daAuts
